 Dungeon Crawl Stone Soup version 0.26-a0-474-gfaca0e1de5 (webtiles) character file.

Game seed: 11856413266933912038

3856 Granthy the Magician (level 10, -19/77 HPs)
             Began as a Gnoll Warper on July 31, 2020.
             Was a Believer of Okawaru.
             Killed by refrigeration
             ... invoked by Fannar
              (22 damage)
             ... on level 10 of the Dungeon on Dec 4, 2020.
             The game lasted 00:20:28 (12306 turns).

Granthy the Magician (Gnoll Warper)                Turns: 12306, Time: 00:20:29

Health: -19/77     AC:  6    Str: 22    XL:     10   Next: 18%
Magic:  20/20      EV: 15    Int: 19    God:    Okawaru [**....]
Gold:   548        SH: 11    Dex: 18    Spells: 21/23 levels left

rFire    . . .     SeeInvis +   j - +2 war axe of the Pit {vorpal, +Blink Int+4 Dex+2} (curse)
rCold    . . .     Faith    +   o - +0 kite shield
rNeg     . . .     Spirit   .   b - +0 leather armour
rPois    .         Reflect  .   (no helmet)
rElec    .         Harm     .   (no cloak)
rCorr    .                      I - +0 pair of gloves
MR       .....                  P - +0 pair of boots
Stlth    +++.......             i - amulet of faith
HPRegen  0.22/turn              s - +6 ring of strength
MPRegen  0.17/turn              A - ring of see invisible

@: no status effects
A: distributed training, fangs 1, strong nose
a: Heroism, Renounce Religion, Evoke Blink


You were on level 10 of the Dungeon.
You worshipped Okawaru.
Okawaru was pleased with you.
You visited 2 branches of the dungeon, and saw 11 of its levels.

You collected 548 gold pieces.

Inventory:

Hand Weapons
 a - a +0 hand axe
 j - the cursed +2 war axe of the Pit (weapon) {vorpal, +Blink Int+4 Dex+2}
   (You found it on level 5 of the Dungeon)

   It inflicts extra damage upon your enemies.
   It affects your intelligence (+4).
   It affects your dexterity (+2).
   It lets you blink.
   It has a curse placed upon it.
 m - a +0 vorpal hand axe
 B - a +1 war axe
Missiles
 e - 5 boomerangs of dispersal (quivered)
Armour
 b - a +0 leather armour (worn)
 o - a +0 kite shield (worn)
 v - a scarf of harm
 I - a +0 pair of gloves (worn)
 P - a +0 pair of boots (worn)
Jewellery
 i - an amulet of faith (around neck)
 l - an uncursed ring of fire
 s - a +6 ring of strength (left hand)
 A - a ring of see invisible (right hand)
 D - an uncursed ring of fire
 M - an uncursed ring of stealth {unknown}
Wands
 d - a wand of polymorph (4)
 w - a wand of enslavement (12)
 y - a wand of random effects (25)
Scrolls
 f - 9 scrolls of remove curse
 p - a scroll of fog {unknown}
 t - 5 scrolls of teleportation
 C - a scroll of blinking
 G - a scroll of summoning {unknown}
 H - a scroll of fear
 J - 2 scrolls of enchant armour {unknown}
 K - 3 scrolls of identify
 L - a scroll of magic mapping {unknown}
 N - 2 scrolls of vulnerability {unknown}
 O - 2 scrolls of noise {unknown}
Potions
 c - a potion of brilliance {unknown}
 g - 4 potions of curing
 h - 3 potions of degeneration
 k - a potion of might
 n - a potion of magic
 q - a potion of heal wounds {unknown}
 r - 3 potions of mutation
 u - a potion of haste
 x - a potion of ambrosia
 z - 4 potions of flight {unknown}
 E - 2 potions of cancellation
 F - 2 potions of stabbing


   Skills:
 + Level 6.9 Fighting
 + Level 5.0 Short Blades
 + Level 5.0 Long Blades
 + Level 6.9 Axes
 + Level 5.0 Maces & Flails
 + Level 5.0 Polearms
 + Level 5.0 Staves
 + Level 5.0 Slings
 + Level 5.0 Bows
 + Level 5.0 Crossbows
 + Level 5.7 Throwing
 + Level 5.7 Armour
 + Level 6.9 Dodging
 + Level 5.0 Stealth
 + Level 5.0 Shields
 + Level 5.0 Unarmed Combat
 + Level 7.2 Spellcasting
 + Level 4.1 Conjurations
 + Level 4.1 Hexes
 + Level 4.1 Summonings
 + Level 4.1 Necromancy
 + Level 6.9 Translocations
 + Level 4.1 Transmutations
 + Level 4.1 Fire Magic
 + Level 4.1 Ice Magic
 + Level 4.1 Air Magic
 + Level 4.1 Earth Magic
 + Level 4.1 Poison Magic
 + Level 5.5 Invocations
 + Level 5.0 Evocations


You had 21 spell levels left.
You knew the following spells:

 Your Spells              Type           Power        Failure   Level
a - Blink                 Tloc           N/A          3%          2

Your spell library contained the following spells:

 Spells                   Type           Power        Failure   Level
 Gell's Gravitas          Tloc           ####......   7%          3
 Lesser Beckoning         Tloc           ####......   7%          3
 Teleport Other           Tloc           ####....     7%          3
 Passage of Golubria      Tloc           N/A          22%         4


Dungeon Overview and Level Annotations

Branches:
Dungeon (10/15)            Temple (1/1) D:7            Lair (0/6) D:8
    Orc: D:9-12

Altars:
Ashenzari
Cheibriados
Dithmenos
Elyvilon
Fedhas
Gozag
Hepliaklqana
Kikubaaqudgha
Makhleb
Nemelex Xobeh
Okawaru
Qazlal
Ru
Sif Muna
Trog
Uskayaw
Vehumet
Wu Jian
Xom
Yredelemnul
Zin
The Shining One

Annotations:
D:3 Necrophagist's ghost, novice FoFi
D:10 Fannar


Innate Abilities, Weirdness & Mutations

Your experience applies equally to all skills.
You have very sharp teeth.
Your uncanny sense of smell can sniff out nearby items.


Message History

Fannar casts a spell.
Fannar drains the heat from the surrounding environment!
You feel very cold.
Fannar is frozen.
Fannar resists.
Fannar mumbles some strange words.
You completely miss Fannar. Your bite misses Fannar.
Fannar is moderately wounded.
You block Fannar's attack. The ice beast hits you. The ice beast freezes you!
* * * LOW HITPOINT WARNING * * *
Fannar mumbles some strange words.
Fannar drains the heat from the surrounding environment!
You feel very cold.
* * * LOW HITPOINT WARNING * * *
Fannar is frozen.
Fannar resists.
There is a stone staircase leading up here.
You block the ice beast's attack.
Fannar gestures wildly while chanting.
Fannar drains the heat from the surrounding environment!
You feel very cold.
You die...

##########
.........#
.........#
.........#####
......e.@?...#
.......Y.....#
.........###.#
.........# #
.........#
.........#
####.##### #.


You could see Fannar (icy armour) and an ice beast (summoned).

Vanquished Creatures
  2 hippogriffs (D:7)
  3 wyverns
  A swamp drake (D:8)
  2 orc warriors
  2 ice beasts
  2 sky beasts
  3 phantoms
  2 centaurs (D:8)
  6 ogres
  2 crocodiles (D:8)
  A big kobold (D:7)
  A bullfrog (D:5)
  2 scorpions
  5 killer bees (D:7)
  A quasit (D:8)
  2 jellies
  A bullfrog zombie (D:8)
  A centaur skeleton (D:4)
  A hound (D:7)
  An orc priest (D:8)
  4 orc wizards
  Terence (D:2)
  2 iguanas
  6 worker ants
  A hound skeleton (D:7)
  10 gnolls
  12 adders
  A white imp (D:8)
  An ufetubus (D:7)
  An ooze (D:4)
  An adder zombie (D:8)
  An adder skeleton (D:5)
  2 worms
  A dart slug (D:1)
  12 leopard geckos
  20 orcs
  A ball python (D:3)
  13 giant cockroaches
  16 goblins
  13 hobgoblins
  4 jackals (D:5)
  4 quokkas
  12 bats
  6 frilled lizards
  A jackal skeleton (D:4)
  A jackal zombie (D:4)
  11 kobolds
  8 rats
207 creatures vanquished.

Notes
Turn   | Place    | Note
-------+----------+-------------------------------------------
     0 | D:1      | Granthy the Gnoll Warper began the quest for the Orb.
     0 | D:1      | Reached XP level 1. HP: 20/20 MP: 6/6
   105 | D:1      | Reached XP level 2. HP: 22/26 MP: 7/7
   109 | D:1      | Learned a level 2 spell: Blink
   594 | D:1      | Reached XP level 3. HP: 31/31 MP: 9/9
   808 | D:2      | Reached skill level 5 in Spellcasting
  1191 | D:2      | Reached skill level 1 in Invocations
  1399 | D:2      | Reached skill level 1 in Short Blades
  1399 | D:2      | Reached skill level 1 in Long Blades
  1399 | D:2      | Reached skill level 1 in Maces & Flails
  1399 | D:2      | Reached skill level 1 in Polearms
  1399 | D:2      | Reached skill level 1 in Staves
  1399 | D:2      | Reached skill level 1 in Slings
  1399 | D:2      | Reached skill level 1 in Bows
  1399 | D:2      | Reached skill level 1 in Crossbows
  1399 | D:2      | Reached skill level 1 in Stealth
  1399 | D:2      | Reached skill level 1 in Shields
  1399 | D:2      | Reached skill level 1 in Unarmed Combat
  1399 | D:2      | Reached skill level 1 in Evocations
  1421 | D:2      | Reached XP level 4. HP: 18/38 MP: 11/11
  1744 | D:2      | Noticed Terence
  1760 | D:2      | Killed Terence
  1760 | D:2      | Reached skill level 1 in Conjurations
  1760 | D:2      | Reached skill level 1 in Hexes
  1760 | D:2      | Reached skill level 1 in Summonings
  1760 | D:2      | Reached skill level 1 in Necromancy
  1760 | D:2      | Reached skill level 1 in Transmutations
  1760 | D:2      | Reached skill level 1 in Fire Magic
  1760 | D:2      | Reached skill level 1 in Ice Magic
  1760 | D:2      | Reached skill level 1 in Air Magic
  1760 | D:2      | Reached skill level 1 in Earth Magic
  1760 | D:2      | Reached skill level 1 in Poison Magic
  2199 | D:2      | Reached XP level 5. HP: 40/43 MP: 12/12
  3557 | D:3      | Found a glowing golden altar of the Shining One.
  3564 | D:3      | Reached XP level 6. HP: 50/50 MP: 13/13
  3888 | D:4      | Reached skill level 5 in Fighting
  3888 | D:4      | Reached skill level 5 in Axes
  3888 | D:4      | Reached skill level 5 in Dodging
  3899 | D:4      | Found a runed translucent gate.
  3899 | D:4      | Found a runed translucent gate.
  3900 | D:4      | Found a runed translucent gate.
  3900 | D:4      | Noticed Necrophagist's ghost (novice FoFi)
  4526 | D:4      | Reached XP level 7. HP: 34/56 MP: 15/15
  4806 | D:4      | Found a shimmering blue altar of Sif Muna.
  5991 | D:5      | Entered Level 5 of the Dungeon
  6303 | D:5      | Got a bone war axe
  6304 | D:5      | Identified the cursed +2 war axe of the Pit {vorpal, +Blink
                  | Int+4 Dex+2} (You found it on level 5 of the Dungeon)
  6472 | D:5      | Found a bloodstained altar of Trog.
  6513 | D:5      | Reached XP level 8. HP: 63/63 MP: 16/16
  7280 | D:7      | Reached skill level 6 in Spellcasting
  8093 | D:7      | Reached XP level 9. HP: 21/69 MP: 18/18
  8389 | D:7      | Found a sacrificial altar of Ru.
  8481 | D:7      | Found a staircase to the Ecumenical Temple.
  8494 | Temple   | Entered the Ecumenical Temple
  8674 | Temple   | Became a worshipper of Warmaster Okawaru
  9229 | D:7      | Found a burning altar of Makhleb.
  9460 | D:8      | Reached * piety under Okawaru
  9460 | D:8      | Reached skill level 5 in Throwing
  9460 | D:8      | Reached skill level 5 in Armour
 10180 | D:8      | Found an opulent altar of Gozag.
 10301 | D:8      | Reached skill level 5 in Invocations
 10420 | D:8      | Reached ** piety under Okawaru
 10445 | D:8      | Found a staircase to the Lair.
 10452 | D:8      | Reached skill level 7 in Spellcasting
 10664 | D:8      | Reached XP level 10. HP: 77/77 MP: 20/20
 10698 | D:8      | Found a staircase to the Lair.
 11321 | D:8      | Found a glowing silver altar of Zin.
 11450 | D:8      | Reached skill level 5 in Short Blades
 11450 | D:8      | Reached skill level 5 in Long Blades
 11450 | D:8      | Reached skill level 5 in Maces & Flails
 11450 | D:8      | Reached skill level 5 in Polearms
 11450 | D:8      | Reached skill level 5 in Staves
 11450 | D:8      | Reached skill level 5 in Slings
 11450 | D:8      | Reached skill level 5 in Bows
 11450 | D:8      | Reached skill level 5 in Crossbows
 11450 | D:8      | Reached skill level 5 in Stealth
 11450 | D:8      | Reached skill level 5 in Shields
 11450 | D:8      | Reached skill level 5 in Unarmed Combat
 11450 | D:8      | Reached skill level 5 in Evocations
 11776 | D:9      | Found an ornate altar of the Wu Jian Council.
 11902 | D:9      | Found a white marble altar of Elyvilon.
 12296 | D:10     | Entered Level 10 of the Dungeon
 12296 | D:10     | Noticed Fannar
 12305 | D:10     | HP: 3/77 [Fannar/refrigeration (16)]
 12306 | D:10     | Killed from afar by Fannar

Illustrated notes

Levels and vault maps discovered:
D:1:      dpeg_arrival_rooms_c, layout_loops_cross
D:2:      layout_rooms, chequers_decorated_corner, uniq_terence
D:3:      layout_basic, nicolae_tso_swordbearing_angel
D:4:      layout_loops_corners, nicolae_overflow_crystal_walls,
          gammafunk_ghost_necromancy, gup_sewer_entry_spiral,
          minmay_ogre_servants
D:5:      layout_basic, marbit_many_paths
D:6:      layout_loops_ring, minivault_14, minmay_fractal_squares_gapless_5
D:7:      layout_rooms, lemuel_round_altar, minmay_temple_entry_arrows,
          minmay_misc_feat_hallway, nicolae_ru_awakened_eye
D:8:      layout_basic, nicolae_gozag_cash_rules_everything_around_me,
          erik_lair_dragon, basic_altar
D:9:      layout_roguey, lemuel_crystal_altar, elyvilon_altar_3, moated_statue
D:10:     layout_loops_ring, david_orc_4, special_room [special_room_orc],
          basic_altar, uniq_fannar, uniq_urug, uniq_josephine, uniq_psyche
Temple:   regret_index_temple_waves

Skill      XL: |  1  2  3  4  5  6  7  8  9 10 |
---------------+-------------------------------+-----
Spellcasting   | 5 6 7 |  7.2
Invocations    | 1 2 3 4 5 |  5.5
Short Blades   | 1 2 3 4 5 |  5.0
Long Blades    | 1 2 3 4 5 |  5.0
Maces & Flails | 1 2 3 4 5 |  5.0
Polearms       | 1 2 3 4 5 |  5.0
Staves         | 1 2 3 4 5 |  5.0
Slings         | 1 2 3 4 5 |  5.0
Bows           | 1 2 3 4 5 |  5.0
Crossbows      | 1 2 3 4 5 |  5.0
Stealth        | 1 2 3 4 5 |  5.0
Shields        | 1 2 3 4 5 |  5.0
Unarmed Combat | 1 2 3 4 5 |  5.0
Evocations     | 1 2 3 4 5 |  5.0
Conjurations   | 1 2 3 4 |  4.1
Hexes          | 1 2 3 4 |  4.1
Summonings     | 1 2 3 4 |  4.1
Necromancy     | 1 2 3 4 |  4.1
Transmutations | 1 2 3 4 |  4.1
Fire Magic     | 1 2 3 4 |  4.1
Ice Magic      | 1 2 3 4 |  4.1
Air Magic      | 1 2 3 4 |  4.1
Earth Magic    | 1 2 3 4 |  4.1
Poison Magic   | 1 2 3 4 |  4.1
Throwing       | 3 4 5 |  5.7
Armour         | 3 4 5 |  5.7
Fighting       | 5 6 |  6.9
Axes           | 5 6 |  6.9
Dodging        | 5 6 |  6.9
Translocations | 6 |  6.9

Action                   |  1- 3 |  4- 6 |  7- 9 | 10-12 || total
-------------------------+-------+-------+-------+-------++-------
Melee: Hand axe          |   116 |   205 |    76 |       ||   397
       Bite              |    14 |    28 |    47 |    10 ||    99
       Punch             |       |     1 |       |       ||     1
       War axe           |       |       |   303 |    65 ||   368
  Use: Scroll            |       |       |    18 |       ||    18
       Potion            |       |       |     4 |       ||     4
 Stab: Sleeping          |     3 |     3 |    10 |     2 ||    18
       Distracted        |       |       |     2 |       ||     2
       Confused          |       |       |     3 |       ||     3
Armor: Leather armour    |    29 |    44 |    32 |     7 ||   112
Dodge: Dodged            |   112 |   114 |   179 |    27 ||   432
Block: Kite shield       |       |    77 |   222 |    29 ||   328

Table legend: (Time is in decaauts)
 A = Elapsed time spent in this place.
 B = Non-inter-level travel time spent in this place.
 C = Inter-level travel time spent in this place.
 D = Time resting spent in this place.
 E = Time spent auto-exploring this place.
 F = Levels seen in this place.
 G = Mean time per level.
                   A        B        C        D        E       F      G
               +--------+--------+--------+--------+--------+-----+--------+
         Total |  12498 |  12177 |    321 |   2890 |   6839 |  11 | 1136.2 |
       Dungeon |  12288 |  11967 |    321 |   2890 |   6678 |  10 | 1228.8 |
        Temple |    210 |    210 |      0 |      0 |    161 |   1 |  210.0 |
               +--------+--------+--------+--------+--------+-----+--------+

Top non-repeatable levels by time:
     D:8: 2298 daAuts
     D:4: 2236 daAuts
     D:7: 2229 daAuts
     D:3: 1521 daAuts
     D:2: 1176 daAuts
     D:1: 1176 daAuts
     D:5: 1020 daAuts
     D:9: 599 daAuts
  Temple: 210 daAuts
     D:6: 17 daAuts
    D:10: 11 daAuts
